 Dungeon Crawl Stone Soup version 0.29.1-2-gbd0b4ee654 (webtiles) character file.

Game seed: 8352435588101925985

51 cdecastro the Gusty (level 3, -2/19 HPs)
             Began as a Tengu Air Elementalist on Nov 10, 2022.
             Slain by a worm (5 damage)
             ... on level 2 of the Dungeon.
             The game lasted 00:04:00 (2446 turns).

cdecastro the Gusty (Tengu Air Elementalist)        Turns: 2446, Time: 00:04:01

Health: -2/19      AC:  2    Str:  8    XL:     3   Next: 83%
Magic:  1/7        EV: 12    Int: 17    God:
Gold:   44         SH:  0    Dex: 14    Spells: 0/6 levels left

rFire   . . .      SeeInvis .   c - +0 dagger
rCold   . . .      Faith    .   (no shield)
rNeg    . . .      Spirit   .   a - +0 robe
rPois   .          Reflect  .   (helmet restricted)
rElec   .          Harm     .   (no cloak)
rCorr   .          Rampage  .   (no gloves)
Will    .....                   (boots unavailable)
Stlth   ++........              (no amulet)
HPRegen 0.06/turn               (no ring)
MPRegen 0.10/turn               (no ring)

@: no status effects
A: beak, talons 3
a: no special abilities


You were on level 2 of the Dungeon.
You visited 1 branch of the dungeon, and saw 2 of its levels.

You collected 44 gold pieces.

Inventory:

Hand Weapons
 c - a +0 dagger (weapon)
Missiles
 l - 3 poisoned darts
Armour
 a - a +0 robe (worn)
Scrolls
 d - 7 scrolls of teleportation {unknown}
 e - a scroll of fear {unknown}
 g - 2 scrolls of fog {unknown}
 h - a scroll of silence {unknown}
 i - a scroll of brand weapon {unknown}
 j - a scroll of enchant armour {unknown}
 o - 2 scrolls of identify {unknown}
Potions
 b - a potion of magic
 f - 2 potions of haste {unknown}
 k - 2 potions of curing {unknown}
 m - a potion of heal wounds {unknown}
 n - a potion of mutation {unknown}
 p - a potion of flight {unknown}


   Skills:
 - Level 2.1 Dodging
 - Level 2.0 Stealth
 - Level 2.0 Spellcasting
 - Level 1.3 Conjurations
 + Level 6.2 Air Magic


You couldn't memorise any spells.
You knew the following spells:

 Your Spells              Type           Power      Damage    Failure   Level
a - Shock                 Conj/Air       56%        1d6       4%          1
b - Static Discharge      Conj/Air       14%        3-5/arc   6%          2
c - Swiftness             Air            22%        N/A       4%          3

Your spell library contained the following spells:

 Spells                   Type           Power      Damage    Failure   Level
 Airstrike                Air            11%        2d(2-18)  16%         4
 Lightning Bolt           Conj/Air       7%         1d19      75%         5
 Maxwell's Capacitive Co  Air            11%        ∞         100%        8


Dungeon Overview and Level Annotations

Branches:
Dungeon (2/15)

Altars:
Wu Jian


Innate Abilities, Weirdness & Mutations

You have a beak for a mouth.
You have claws for feet.


Message History

An endoplasm is nearby!
An endoplasm is nearby!
Unknown command.
Casting: Static Discharge (safe; 6% risk of failure)
Confirm with . or Enter, or press ? or * to list all spells.
The endoplasm is struck by an arc of lightning.
The endoplasm is almost dead.
You are struck by an arc of lightning.
The endoplasm is struck by an arc of lightning.
You kill the endoplasm!
The lightning grounds out.
Found a club.
You see here a +0 club.
You now have 44 gold pieces (gained 17).
A worm comes into view.
A worm is nearby!
A worm is nearby!
A worm is nearby!
Casting: Static Discharge (safe; 6% risk of failure)
Confirm with . or Enter, or press ? or * to list all spells.
The worm is struck by an arc of lightning.
The worm is moderately wounded.
You are struck by an arc of lightning.
The lightning grounds out.
The worm bites you!
* * * LOW HITPOINT WARNING * * *
Casting: Static Discharge (safe; 6% risk of failure)
Confirm with . or Enter, or press ? or * to list all spells.
The worm is struck by an arc of lightning.
The worm is heavily wounded.
You are struck by an arc of lightning.
* * * LOW HITPOINT WARNING * * *
The lightning grounds out.
Casting: Static Discharge (safe; 6% risk of failure)
Confirm with . or Enter, or press ? or * to list all spells.
The worm is struck by an arc of lightning.
The worm is severely wounded.
You are struck by an arc of lightning.
* * * LOW HITPOINT WARNING * * *
The lightning grounds out.
The worm bites you.
You die...

####.# #.# #.# #.#
#.# #######.# #
#.......#
#.##.######.#######
#....w@.....#
......########
#####


You could see a worm.

Vanquished Creatures
  A worm (D:2)
  A dart slug (D:1)
  8 bats
  3 endoplasms
  2 giant cockroaches
  5 goblins
  7 hobgoblins
  A quokka (D:2)
  2 ball pythons
  4 frilled lizards
  4 kobolds
  2 rats (D:1)
40 creatures vanquished.

Notes
Turn   | Place    | Note
-------+----------+-------------------------------------------
     0 | D:1      | cdecastro the Tengu Air Elementalist began the quest for
                  | the Orb.
     0 | D:1      | Reached XP level 1. HP: 10/10 MP: 4/4
   309 | D:1      | Reached XP level 2. HP: 15/15 MP: 1/6
   602 | D:1      | Reached skill level 5 in Air Magic
   934 | D:1      | Found a faded altar of an unknown god.
  1042 | D:1      | Learned a level 2 spell: Static Discharge
  1062 | D:1      | Reached XP level 3. HP: 19/19 MP: 0/7
  1189 | D:1      | Learned a level 3 spell: Swiftness
  1924 | D:2      | Reached skill level 6 in Air Magic
  2045 | D:2      | Found an ornate altar of the Wu Jian Council.
  2446 | D:2      | Slain by a worm

Illustrated notes

Levels and vault maps discovered:
D:1:      minmay_arrival_glassed_features, layout_basic,
          shapermc_ecumenical_altar_ellora
D:2:      layout_loops_cross, basic_altar

Skill      XL: |  1  2  3 |
---------------+----------+-----
Air Magic      | 5 6 |  6.2
Dodging        | |  2.1
Stealth        | |  2.0
Spellcasting   | |  2.0
Conjurations   | |  1.3

Action                   || total
-------------------------++-------
Melee: Unarmed           ||     7
       Kick              ||     3
       Dagger            ||     1
 Cast: Shock             ||    68
       Static Discharge  ||    12
Armor: Robe              ||     3
Dodge: Dodged            ||     3
